[Event "Titled Tuesday Blitz April 05 Late 2022"]
[White "Quintiliano Pinto, Renato R."]
[Black "Ladan, Nicholas"]
[WhiteFideId "2117568"]
[BlackFideId "30918855"]
[WhiteElo "2747"]
[BlackElo "2371"]
[Result "1-0"]
[Round "02"]
[TimeControl "180+1"]
[Date "2022.04.06"]
[WhiteClock "0:00:56"]
[BlackClock "0:00:07"]

1. c4 Nf6 2. Nc3 c6 3. Nf3 d5 4. e3 e6 5. b3 Nbd7 6. Bb2 Bd6 7. Qc2 O-O 8. Be2 e5 9. cxd5 cxd5 10. Nb5 Bb8 11. Ba3 Re8 12. Nd6 Bxd6 13. Bxd6 Re6 14. Ba3 Rc6 15. Qb1 a6 16. Bb2 Qe7 17. O-O b5 18. a4 b4 19. Rc1 Bb7 20. Rxc6 Bxc6 21. Qf5 Re8 22. Rc1 Ba8 23. Bxa6 d4 24. Bb5 Be4 25. Qg5 h6 26. Qh4 Nc5 27. Bxe8 Nd3 28. Rf1 Qxe8 29. Ba1 Bxf3 30. gxf3 Qa8 31. Qh3 Qd5 32. Qc8+ Kh7 33. Qf5+ Kg8 34. Qxd3 Qxf3 35. Rc1 e4 36. Qf1 Ng4 37. Bxd4 h5 38. Qg2 Qf5 39. h3 Nh6 40. Qxg7# 1-0


[Site "https://www.chess.com"]

[Event "Titled Tuesday Blitz April 05 Late 2022"]
[White "Rasulov, Vugar"]
[Black "Chernobay, Artem"]
[WhiteFideId "13402390"]
[BlackFideId "4167406"]
[WhiteElo "2560"]
[BlackElo "2473"]
[Result "1-0"]
[Round "02"]
[TimeControl "180+1"]
[Date "2022.04.05"]
[WhiteClock "0:01:53"]
[BlackClock "0:00:34"]

1. d4 Nf6 2. c4 e6 3. Nc3 Bb4 4. Bd2 b6 5. Nf3 Bb7 6. e3 O-O 7. Be2 d6 8. O-O Nbd7 9. Rc1 Bxc3 10. Bxc3 Ne4 11. b4 f5 12. Bb2 Rf6 13. d5 e5 14. Nd2 Nxd2 15. Qxd2 Rg6 16. f4 exf4 17. exf4 Nf6 18. Bf3 a5 19. a3 axb4 20. axb4 Qd7 21. Ra1 Re8 22. Ra7 Bc8 23. Qd3 Ne4 24. Bh5 b5 25. cxb5 Qf7 26. Bxg6 Qxg6 27. Rxc7 1-0


[Site "https://www.chess.com"]

[Event "Titled Tuesday Blitz April 05 Late 2022"]
[White "Reprintsev, Alexander"]
[Black "Pavlidou, Ekaterini"]
[WhiteFideId "14100541"]
[BlackFideId "4213262"]
[WhiteElo "2568"]
[BlackElo "2375"]
[Result "1-0"]
[Round "02"]
[TimeControl "180+1"]
[Date "2022.04.06"]
[WhiteClock "0:01:20"]
[BlackClock "0:00:15"]

1. e4 c5 2. b3 Nc6 3. Bb2 Nf6 4. e5 Nd5 5. Nf3 e6 6. c4 Nc7 7. Nc3 d5 8. exd6 Bxd6 9. d4 cxd4 10. Nxd4 O-O 11. Nxc6 bxc6 12. Be2 Qe7 13. Bf3 Rd8 14. Qe2 Rb8 15. O-O c5 16. Ne4 Ne8 17. Rad1 Bb7 18. Qe3 Qc7 19. g3 Bf8 20. Ng5 h6 21. Be5 Nd6 22. Bxb7 Rxb7 23. Ne4 Qc6 24. Nxd6 Bxd6 25. Qc3 f6 26. Bxf6 gxf6 27. Qxf6 Re7 28. Qg6+ Kf8 29. Qxh6+ Ke8 30. Rfe1 Kd7 31. Rd3 Qc8 32. Red1 Kc7 33. Qd2 Red7 34. Qa5+ Kb7 35. Qb5+ Ka8 36. b4 Qb7 37. Qxb7+ Kxb7 38. bxc5 1-0


[Site "https://www.chess.com"]

[Event "Titled Tuesday Blitz April 05 Late 2022"]
[White "Roberson, Peter T"]
[Black "Kazakouski, Valery"]
[WhiteFideId "412384"]
[BlackFideId "13507443"]
[WhiteElo "2346"]
[BlackElo "2524"]
[Result "0-1"]
[Round "02"]
[TimeControl "180+1"]
[Date "2022.04.05"]
[WhiteClock "0:00:24"]
[BlackClock "0:01:17"]

1. e4 c5 2. Nf3 a6 3. c3 d5 4. exd5 Qxd5 5. d4 Bg4 6. Nbd2 cxd4 7. Bc4 Bxf3 8. Qxf3 Qxf3 9. Nxf3 dxc3 10. Ne5 e6 11. bxc3 Nd7 12. Bf4 Rc8 13. Be2 Bd6 14. Nxf7 Bxf4 15. Nxh8 Ngf6 16. Rb1 Nc5 17. Bf3 Ke7 18. Ke2 b5 19. c4 bxc4 20. Rb6 Rxh8 21. Rc6 Nfd7 22. g3 Be5 23. Bg4 Rb8 24. f4 Rb2+ 25. Kf3 Bd4 26. Re1 Rf2# 0-1


[Site "https://www.chess.com"]

[Event "Titled Tuesday Blitz April 05 Late 2022"]
[White "Romanchuk, Viktor"]
[Black "Kobalia, Mikhail"]
[WhiteFideId "14109271"]
[BlackFideId "4119150"]
[WhiteElo "2242"]
[BlackElo "2667"]
[Result "0-1"]
[Round "02"]
[TimeControl "180+1"]
[Date "2022.04.05"]
[WhiteClock "0:00:01"]
[BlackClock "0:00:07"]

1. d4 d5 2. c4 e6 3. Nc3 c6 4. e3 Nf6 5. Nf3 a6 6. Qc2 c5 7. cxd5 exd5 8. Be2 Nc6 9. O-O Be6 10. Rd1 cxd4 11. Nxd4 Nxd4 12. Rxd4 Bc5 13. Rd1 Qe7 14. Bf3 O-O 15. Nxd5 Nxd5 16. Bxd5 Bxd5 17. Rxd5 Rac8 18. Qd1 Rfd8 19. b4 Rxd5 20. Qxd5 Rd8 21. Qb3 Bxb4 22. Bb2 b5 23. Rd1 Rxd1+ 24. Qxd1 Qd6 25. Qxd6 Bxd6 26. h3 f6 27. Kf1 Kf7 28. Ke2 Ke6 29. e4 Be5 30. Bc1 Bd4 31. f4 a5 32. Kd3 Bc5 33. Bb2 a4 34. g4 Kd7 35. e5 fxe5 36. Bxe5 Bf8 37. f5 Kc6 38. Ke4 b4 39. g5 b3 40. axb3 axb3 41. f6 g6 42. Kd3 Kd5 43. Bb2 Bb4 44. Ba1 Ke6 45. Kc4 Bd2 46. Kxb3 Bxg5 47. f7 Kxf7 48. Bd4 Ke6 49. Kc4 Kf5 50. Kd3 Bf6 0-1


[Site "https://www.chess.com"]

[Event "Titled Tuesday Blitz April 05 Late 2022"]
[White "Romero Ruscalleda, Josep"]
[Black "Perera Alfonso, Rene Humberto"]
[WhiteFideId "2231859"]
[BlackFideId "3514722"]
[WhiteElo "2289"]
[BlackElo "2523"]
[Result "1/2-1/2"]
[Round "02"]
[TimeControl "180+1"]
[Date "2022.04.06"]
[WhiteClock "0:00:10"]
[BlackClock "0:00:55"]

1. e4 c5 2. c3 d6 3. d4 Nf6 4. Bd3 Nc6 5. Nf3 g6 6. O-O Bg7 7. Re1 O-O 8. h3 e5 9. Bg5 Qc7 10. d5 Ne7 11. Qd2 Re8 12. Na3 a6 13. b4 b6 14. Rab1 Bd7 15. Bh6 Bh8 16. Rec1 Nh5 17. g4 Nf6 18. Nh4 b5 19. f4 exf4 20. Bxf4 c4 21. Bc2 Bc8 22. Rf1 Nd7 23. Rbe1 Bb7 24. Nb1 Ne5 25. Qf2 Nc8 26. Nf3 Nxf3+ 27. Qxf3 Qe7 28. Bg5 f6 29. Bxf6 Bxf6 30. Qxf6 Qxf6 31. Rxf6 Bxd5 32. Nd2 Bb7 33. Ref1 Bc6 34. Rf7 Ra7 35. Rxa7 Nxa7 36. Rf6 Nc8 37. Kf2 Kg7 38. g5 Bd7 39. h4 Re6 40. Rxe6 Bxe6 41. Ke3 Ne7 42. Nf3 Nc6 43. Nd4 Nd8 44. Bd1 h6 45. a4 Bd7 46. axb5 axb5 47. Bf3 hxg5 48. hxg5 Nf7 49. Kf4 Ne5 50. Be2 Kf7 51. Nf3 Nc6 52. e5 Ke7 53. exd6+ Kxd6 54. Ke4 Bf5+ 55. Kf4 Bc2 56. Nh4 Ne5 57. Bf3 Nd3+ 58. Ke3 Ne5 59. Be4 Bxe4 60. Kxe4 Ke6 61. Kd4 Kd6 62. Ke4 Ke6 63. Kd4 Kd6 64. Ke4 1/2-1/2


[Site "https://www.chess.com"]

[Event "Titled Tuesday Blitz April 05 Late 2022"]
[White "Rustemov, Alexander"]
[Black "Nilsson, Joakim"]
[WhiteFideId "4119002"]
[BlackFideId "1723383"]
[WhiteElo "2796"]
[BlackElo "2207"]
[Result "1-0"]
[Round "02"]
[TimeControl "180+1"]
[Date "2022.04.06"]
[WhiteClock "0:00:40"]
[BlackClock "0:00:23"]

1. d4 Nf6 2. c4 e6 3. Nf3 Bb4+ 4. Bd2 c5 5. Bxb4 cxb4 6. g3 O-O 7. Bg2 d6 8. O-O Nc6 9. a3 bxa3 10. Rxa3 e5 11. Nc3 Bg4 12. dxe5 dxe5 13. h3 Be6 14. Nd2 Qe7 15. Nd5 Bxd5 16. cxd5 Nb4 17. Qb3 a5 18. Nc4 Nbxd5 19. Nxa5 Qc5 20. Nxb7 Rxa3 21. Qxa3 Qb6 22. Nd6 Rb8 23. Nc4 Qb5 24. Rc1 h6 25. Qd6 Rc8 26. e4 Rxc4 27. Rxc4 Qxc4 28. exd5 Qc1+ 29. Kh2 Qxb2 30. Qc5 Qd2 31. d6 e4 32. Kg1 g6 33. Qe5 Kg7 34. Bxe4 h5 35. Bf3 h4 36. g4 Qc1+ 37. Kg2 Qa3 38. g5 1-0


[Site "https://www.chess.com"]

[Event "Titled Tuesday Blitz April 05 Late 2022"]
[White "Sadhwani, Raunak"]
[Black "Bashirli, Nail"]
[WhiteFideId "35093487"]
[BlackFideId "13406809"]
[WhiteElo "2616"]
[BlackElo "2333"]
[Result "1-0"]
[Round "02"]
[TimeControl "180+1"]
[Date "2022.04.05"]
[WhiteClock "0:02:22"]
[BlackClock "0:01:11"]

1. d4 Nf6 2. Nf3 e6 3. Bf4 b6 4. e3 Bb7 5. Nbd2 g6 6. h3 Bg7 7. a4 a6 8. Bh2 O-O 9. a5 b5 10. c4 bxc4 11. Bxc4 d6 12. O-O Nbd7 13. Qe2 Qe7 14. Rfc1 Rfc8 15. Ra3 d5 16. Rb3 Rcb8 17. Bd3 Ne8 18. Bxc7 Nxc7 19. Rxc7 Bc8 20. Rxb8 Rxb8 21. Bxa6 1-0


[Site "https://www.chess.com"]

[Event "Titled Tuesday Blitz April 05 Late 2022"]
[White "Sadovsky, Artem"]
[Black "Ishbaev, Alibek"]
[WhiteFideId "4155840"]
[BlackFideId "14205017"]
[WhiteElo "2520"]
[BlackElo "2278"]
[Result "1-0"]
[Round "02"]
[TimeControl "180+1"]
[Date "2022.04.06"]
[WhiteClock "0:01:16"]
[BlackClock "0:01:30"]

1. c4 g6 2. d4 Bg7 3. h4 c5 4. d5 h5 5. e4 d6 6. Bd3 Nf6 7. Ne2 O-O 8. Nbc3 e6 9. Bg5 exd5 10. cxd5 Nbd7 11. a4 Re8 12. O-O c4 13. Bxc4 Qb6 14. Be3 Qa5 15. f3 Ne5 16. Bb5 Rd8 17. Nd4 a6 18. Be2 Bd7 19. Qb3 Rab8 20. Ne6 Rdc8 21. Bb6 Rxc3 22. bxc3 1-0


[Site "https://www.chess.com"]

[Event "Titled Tuesday Blitz April 05 Late 2022"]
[White "Sanal, Vahap"]
[Black "Karas, Marek"]
[WhiteFideId "6300545"]
[BlackFideId "14928558"]
[WhiteElo "2603"]
[BlackElo "2271"]
[Result "1-0"]
[Round "02"]
[TimeControl "180+1"]
[Date "2022.04.05"]
[WhiteClock "0:00:46"]
[BlackClock "0:00:06"]

1. e4 e6 2. d4 d5 3. Nd2 a6 4. Ngf3 c5 5. exd5 exd5 6. Bd3 c4 7. Be2 Nf6 8. O-O Bd6 9. b3 cxb3 10. axb3 O-O 11. Bb2 Nc6 12. Ne5 Qc7 13. Ndf3 Bf5 14. c4 Rfe8 15. h3 Rad8 16. Rc1 dxc4 17. Nxc6 Qxc6 18. bxc4 Qe4 19. Re1 Qf4 20. Qb3 Re7 21. Ne5 Ne4 22. Qf3 Bxe5 23. dxe5 Qxf3 24. Bxf3 Nc5 25. Ba3 Rc8 26. Rcd1 Be6 27. Rd4 h6 28. Red1 Rec7 29. Bxc5 Rxc5 30. Bxb7 R8c7 31. Bd5 a5 32. f4 Ra7 33. g4 a4 34. f5 Bxd5 35. cxd5 a3 36. d6 Ra8 37. e6 fxe6 38. fxe6 Re5 39. e7 Kf7 40. d7 Kxe7 41. d8=Q+ Rxd8 42. Rxd8 Ra5 43. R8d2 Kf6 44. Ra1 Kg5 45. Rd3 a2 46. Rd2 Kh4 47. Raxa2 Re5 48. Re2 Rd5 49. Rad2 Ra5 50. Re7 g5 51. Re3 h5 52. gxh5 Kxh5 53. Rg2 Kh4 54. Reg3 Rf5 55. Rg4+ Kh5 56. h4 gxh4 57. Rg8 1-0


[Site "https://www.chess.com"]

[Event "Titled Tuesday Blitz April 05 Late 2022"]
[White "Sapunov, Evgeny"]
[Black "Baker, Chris W"]
[WhiteFideId "4126661"]
[BlackFideId "401676"]
[WhiteElo "2717"]
[BlackElo "2153"]
[Result "1-0"]
[Round "02"]
[TimeControl "180+1"]
[Date "2022.04.06"]
[WhiteClock "0:00:31"]
[BlackClock "0:00:08"]

1. c4 Nf6 2. Nf3 e6 3. Nc3 c5 4. g3 Be7 5. Bg2 O-O 6. O-O d5 7. cxd5 Nxd5 8. e4 Nb4 9. d4 cxd4 10. Nxd4 N8c6 11. Nxc6 Nxc6 12. Bf4 Qa5 13. a3 Rd8 14. Qc1 Nd4 15. b4 Qh5 16. Qd1 Qxd1 17. Rfxd1 f6 18. e5 f5 19. h4 Kf7 20. Ra2 a5 21. b5 Nb3 22. Rxd8 Bxd8 23. Na4 Bd7 24. Bxb7 Rb8 25. Bc6 Bxc6 26. bxc6 Nd4 27. Kg2 Nxc6 28. Rd2 Ne7 29. Rd7 Ke8 30. Ra7 Rb3 31. Nc5 Rxa3 32. Nxe6 g6 33. Ra8 Nc6 34. Bg5 Rd3 35. Nxd8 Nxd8 36. e6 h6 37. Bxh6 a4 38. Bg5 a3 39. e7 a2 40. exd8=Q+ 1-0


[Site "https://www.chess.com"]

[Event "Titled Tuesday Blitz April 05 Late 2022"]
[White "Shandrygin, Nikita"]
[Black "Hamidi, Amir Mohammad"]
[WhiteFideId "24198668"]
[BlackFideId "12563285"]
[WhiteElo "2500"]
[BlackElo "2734"]
[Result "0-1"]
[Round "02"]
[TimeControl "180+1"]
[Date "2022.04.06"]
[WhiteClock "0:00:02"]
[BlackClock "0:01:05"]

1. Nf3 g6 2. g3 Bg7 3. d4 d6 4. Bg2 Bd7 5. O-O Qc8 6. Re1 Bh3 7. Bh1 h5 8. e4 h4 9. Nxh4 Bf6 10. Ng2 Nc6 11. c3 Bg4 12. Qd3 Bg7 13. Ne3 Bd7 14. f4 Nf6 15. e5 Ng4 16. Nxg4 Bxg4 17. Nd2 dxe5 18. fxe5 Qd7 19. Qb5 Rb8 20. Bxc6 Qxc6 21. Qxc6+ bxc6 22. Ne4 Be6 23. Nc5 Bd5 24. b3 Bf3 25. Rf1 Bg4 26. Bf4 Rd8 27. Rae1 Rd5 28. e6 fxe6 29. Bxc7 Bh3 30. Rf2 Bf6 31. Bf4 Kf7 32. Rfe2 g5 33. Be5 Bg4 34. Re3 Re8 35. Nd3 Bf5 36. Nc5 a5 37. Rf1 Kg6 38. Bxf6 exf6 39. Ne4 Red8 40. Nd2 c5 41. Nf3 Bg4 42. c4 Rxd4 43. Nxd4 cxd4 44. Ree1 d3 45. Rf2 d2 0-1


[Site "https://www.chess.com"]

[Event "Titled Tuesday Blitz April 05 Late 2022"]
[White "Sjugirov, Sanan"]
[Black "Nazaretyan, Tigran"]
[WhiteFideId "4189302"]
[BlackFideId "24162345"]
[WhiteElo "2602"]
[BlackElo "2225"]
[Result "1-0"]
[Round "02"]
[TimeControl "180+1"]
[Date "2022.04.05"]
[WhiteClock "0:00:20"]
[BlackClock "0:00:02"]

1. e4 c5 2. Nf3 Nc6 3. Bb5 g6 4. Bxc6 dxc6 5. d3 Bg7 6. h3 Nf6 7. a4 a5 8. Be3 Nd7 9. Qc1 h6 10. Na3 b6 11. O-O Ba6 12. Rb1 Nf8 13. b3 g5 14. Nc4 Ng6 15. Nh2 O-O 16. Qd1 e5 17. Qh5 Bc8 18. Ng4 Bxg4 19. Qxg4 Nf4 20. g3 h5 21. Qf5 Ne2+ 22. Kg2 f6 23. Qe6+ Kh7 24. Qxc6 Rb8 25. Rbe1 Nd4 26. Bxd4 cxd4 27. Qe6 Bh6 28. Rh1 Kg7 29. h4 g4 30. Qf5 Qe8 31. Rhf1 Qg6 32. Qxg6+ Kxg6 33. f3 b5 34. axb5 Rxb5 35. fxg4 hxg4 36. Rf5 Ra8 37. Ra1 Bf8 38. h5+ Kg7 39. Rh1 Be7 40. Rh4 a4 41. Rxg4+ Kh7 42. bxa4 Rxa4 43. h6 Kxh6 44. Rf1 Kh5 45. Rg8 Rb1 46. Rxb1 Ra1 47. Rxa1 f5 48. Rh1+ 1-0


[Site "https://www.chess.com"]

[Event "Titled Tuesday Blitz April 05 Late 2022"]
[White "Sliwicki, Damian"]
[Black "Korchmar, Vasiliy"]
[WhiteFideId "1127128"]
[BlackFideId "24131750"]
[WhiteElo "2427"]
[BlackElo "2768"]
[Result "0-1"]
[Round "02"]
[TimeControl "180+1"]
[Date "2022.04.06"]
[WhiteClock "0:00:41"]
[BlackClock "0:01:47"]

1. e4 c5 2. Nf3 d6 3. d4 cxd4 4. Qxd4 Nc6 5. Bb5 a6 6. Bxc6+ bxc6 7. Nc3 e5 8. Qd3 Nf6 9. Bg5 h6 10. Bh4 Be7 11. O-O Be6 12. Rad1 g5 13. Bg3 Nh5 14. Nxe5 dxe5 15. Qf3 Qc8 16. Bxe5 Bg4 17. Qd3 O-O 18. f3 Be6 19. Ne2 Qb7 20. b3 Qb5 21. g4 Qxe5 22. gxh5 Rfd8 23. Qe3 Bc5 0-1


[Site "https://www.chess.com"]

[Event "Titled Tuesday Blitz April 05 Late 2022"]
[White "Spata, German"]
[Black "Jumabayev, Rinat"]
[WhiteFideId "113026"]
[BlackFideId "13702661"]
[WhiteElo "2238"]
[BlackElo "2561"]
[Result "0-1"]
[Round "02"]
[TimeControl "180+1"]
[Date "2022.04.05"]
[WhiteClock "0:00:13"]
[BlackClock "0:00:06"]

1. Nf3 c5 2. b3 d5 3. Bb2 Nc6 4. e3 a6 5. d4 Bg4 6. Be2 Nf6 7. O-O e6 8. c4 cxd4 9. Nxd4 Bxe2 10. Qxe2 Bc5 11. cxd5 Qxd5 12. Nxc6 Qxc6 13. Rc1 Qd6 14. Nd2 Bb4 15. Nc4 Qe7 16. a3 Bc5 17. b4 Ba7 18. Be5 Rd8 19. Rd1 O-O 20. Bd6 Rxd6 21. Nxd6 Nd5 22. Rxd5 exd5 23. Nf5 Qe5 24. Nh6+ gxh6 25. Rd1 Rd8 26. Qg4+ Kf8 27. Qh4 Qd6 28. Qg4 d4 29. exd4 Bxd4 30. Kh1 Qf6 31. f3 b5 32. Qh5 Rd6 33. Qg4 Qg6 34. Qc8+ Kg7 35. Qc7 Qf6 36. Rf1 Be5 37. Qc1 Rd4 38. g3 Rd3 39. f4 Bd4 40. Qc2 Qf5 41. g4 Qe4+ 42. Qg2 Qxg2+ 43. Kxg2 Rxa3 44. Rd1 Bc3 45. Rb1 Ra2+ 46. Kf3 Rb2 47. Rc1 Bxb4 48. Rc6 Rxh2 49. f5 Rb2 50. f6+ Kg6 0-1


[Site "https://www.chess.com"]

[Event "Titled Tuesday Blitz April 05 Late 2022"]
[White "Stoenescu, Radu"]
[Black "Rostovtsev, Dmitry"]
[WhiteFideId "610143"]
[BlackFideId "34278320"]
[WhiteElo "1946"]
[BlackElo "2713"]
[Result "0-1"]
[Round "02"]
[TimeControl "180+1"]
[Date "2022.04.06"]
[WhiteClock "0:00:08"]
[BlackClock "0:01:38"]

1. e4 c5 2. Nf3 d6 3. d4 cxd4 4. Nxd4 Nf6 5. Nc3 Nc6 6. Bc4 e6 7. Be3 a6 8. Qe2 Qc7 9. Bb3 Be7 10. O-O-O b5 11. Rhg1 h5 12. f3 Bb7 13. g4 hxg4 14. fxg4 Ne5 15. g5 Nxe4 16. Nxe4 Bxe4 17. g6 Bxg6 18. Nxe6 fxe6 19. Bxe6 Bf6 20. Bd4 Bf7 21. Bxe5 dxe5 22. Bd7+ Kf8 23. Qe4 Rd8 24. Qb4+ Kg8 25. Bf5 Rxh2 26. Rxd8+ Qxd8 27. a4 Qd4 28. Qe1 Qf4+ 29. Kb1 Qxf5 30. axb5 Qxc2+ 31. Ka1 Qxb2# 0-1


[Site "https://www.chess.com"]

[Event "Titled Tuesday Blitz April 05 Late 2022"]
[White "Suder, Jakub"]
[Black "Moussard, Jules"]
[WhiteFideId "1195310"]
[BlackFideId "642908"]
[WhiteElo "2058"]
[BlackElo "2589"]
[Result "0-1"]
[Round "02"]
[TimeControl "180+1"]
[Date "2022.04.05"]
[WhiteClock "0:00:21"]
[BlackClock "0:01:31"]

1. d4 d6 2. c4 Nf6 3. Nc3 Nbd7 4. Nf3 e5 5. Bg5 Be7 6. e3 O-O 7. Qc2 c6 8. Bd3 Re8 9. O-O-O h6 10. Bxf6 Bxf6 11. g4 exd4 12. exd4 c5 13. h4 Bxd4 14. Nxd4 cxd4 15. Nd5 Nf6 16. g5 Nxd5 17. cxd5 h5 18. Bh7+ Kh8 19. Rxd4 Bg4 20. Bd3 Qa5 21. Kb1 Rac8 22. Rc4 Qxd5 23. Rc1 g6 24. Ka1 Be6 25. Qb1 Rc5 26. Rxc5 dxc5 27. Bxg6 fxg6 28. Qxg6 Qxa2# 0-1


[Site "https://www.chess.com"]

[Event "Titled Tuesday Blitz April 05 Late 2022"]
[White "Svane, Frederik"]
[Black "Arabidze, Meri"]
[WhiteFideId "12923044"]
[BlackFideId "13604040"]
[WhiteElo "2459"]
[BlackElo "2335"]
[Result "1/2-1/2"]
[Round "02"]
[TimeControl "180+1"]
[Date "2022.04.05"]
[WhiteClock "0:00:08"]
[BlackClock "0:00:03"]

1. e4 c5 2. Nf3 e6 3. g3 Nf6 4. e5 Nd5 5. Bg2 Nc6 6. O-O d6 7. exd6 Bxd6 8. b3 O-O 9. Bb2 f6 10. d4 cxd4 11. Nxd4 Nde7 12. Nxc6 Nxc6 13. c4 e5 14. Nc3 Bc5 15. Na4 Bd4 16. Bxc6 bxc6 17. Bxd4 exd4 18. Qd2 Qd6 19. Rad1 Rd8 20. Qf4 Qxf4 21. gxf4 Bf5 22. Rd2 d3 23. Kg2 Rd4 24. Kg3 Re8 25. Nc3 h5 26. h4 Kf7 27. Rfd1 Rg8 28. Rh1 g5 29. fxg5 fxg5 30. hxg5 Rxg5+ 31. Kf3 c5 32. Ke3 Rg6 33. f3 h4 34. Nd5 h3 35. Nf4 Rh6 36. Rhh2 Rh8 37. Nd5 Re8+ 38. Kf2 Rg8 39. Ne3 Be6 40. Nf1 a5 41. Ng3 a4 42. Ne4 axb3 43. axb3 Bf5 44. Nxc5 Rc8 45. Ne4 Rb8 46. Ke3 Rdd8 47. Rxd3 Rxd3+ 48. Kxd3 Rxb3+ 49. Kd4 Bxe4 50. fxe4 Ke6 51. Kc5 Ke5 52. Kc6 Kxe4 53. c5 Kf4 54. Kd7 Kg3 55. Rxh3+ Kxh3 56. c6 Rc3 57. c7 Rxc7+ 58. Kxc7 1/2-1/2


[Site "https://www.chess.com"]

[Event "Titled Tuesday Blitz April 05 Late 2022"]
[White "Swicarz, Maciej"]
[Black "Constantinou, Peter"]
[WhiteFideId "1113585"]
[BlackFideId "413038"]
[WhiteElo "2538"]
[BlackElo "2342"]
[Result "0-1"]
[Round "02"]
[TimeControl "180+1"]
[Date "2022.04.06"]
[WhiteClock "0:00:57"]
[BlackClock "0:00:35"]

1. c4 e6 2. Nc3 d5 3. d4 Nf6 4. Bg5 dxc4 5. e3 a6 6. Bxc4 b5 7. Bb3 Bb7 8. Nf3 Nbd7 9. O-O Be7 10. Rc1 O-O 11. Bxf6 Nxf6 12. a4 b4 13. Nb1 Rc8 14. Qe2 c5 15. dxc5 Bxc5 16. Rfd1 Qe7 17. Nbd2 Rfd8 18. Bc4 a5 19. Bb5 Bd6 20. Nc4 Bc7 21. Rxd8+ Rxd8 22. Rd1 g6 23. h3 Kg7 24. b3 Nd5 25. Qb2+ Nc3 26. Rxd8 Qxd8 27. Nd4 Qd5 28. f3 e5 29. Ne2 Qd3 30. Kf2 Nd1+ 0-1


[Site "https://www.chess.com"]

[Event "Titled Tuesday Blitz April 05 Late 2022"]
[White "Szalay, Karoly"]
[Black "Mangialardo, Tiago Carvalho"]
[WhiteFideId "2600544"]
[BlackFideId "2130718"]
[WhiteElo "2462"]
[BlackElo "2057"]
[Result "1-0"]
[Round "02"]
[TimeControl "180+1"]
[Date "2022.04.06"]
[WhiteClock "0:00:11"]
[BlackClock "0:00:02"]

1. e4 e5 2. Nf3 Nc6 3. Nc3 Nf6 4. Bb5 d6 5. d4 exd4 6. Nxd4 Bd7 7. O-O Be7 8. Kh1 O-O 9. f4 a6 10. Bxc6 Bxc6 11. Qd3 Re8 12. b4 Bf8 13. Re1 Qd7 14. Bb2 Qg4 15. Qf3 Qg6 16. Nxc6 bxc6 17. Re3 Nd7 18. Rae1 Nb6 19. Qe2 Qf6 20. g3 Qd4 21. a3 Nc4 22. Rd3 Qf6 23. Ba1 a5 24. Rd4 Qxd4 25. Nd5 Nb2 26. Nxc7 Rec8 27. Nxa8 Rxa8 28. c3 Qxc3 29. Bxb2 Qb3 30. e5 axb4 31. axb4 Qxb4 32. exd6 Qxd6 33. Rd1 Qc5 34. Bd4 Qb5 35. Qe4 Qb7 36. Bc3 Rc8 37. Qf5 h6 38. Rd7 Qb8 39. Qxf7+ Kh8 40. Bxg7+ Kh7 41. Bxf8+ Kh8 42. Qg7# 1-0


[Site "https://www.chess.com"]

[Event "Titled Tuesday Blitz April 05 Late 2022"]
[White "Taichman, Ori"]
[Black "Tang, Andrew"]
[WhiteFideId "2804069"]
[BlackFideId "2059630"]
[WhiteElo "2227"]
[BlackElo "2584"]
[Result "1/2-1/2"]
[Round "02"]
[TimeControl "180+1"]
[Date "2022.04.05"]
[WhiteClock "0:00:33"]
[BlackClock "0:00:14"]

1. e4 e5 2. d4 exd4 3. Qxd4 Nc6 4. Qe3 Nf6 5. Nc3 Bb4 6. Bd2 O-O 7. O-O-O Re8 8. Qg3 Rxe4 9. a3 Ba5 10. Be2 d6 11. Bh6 Qf8 12. Nxe4 Nxe4 13. Qe3 Bf5 14. Bf4 Bb6 15. Qb3 Nxf2 16. Nf3 Nxh1 17. Rxh1 Re8 18. Bb5 a6 19. Bxc6 bxc6 20. Bd2 Be4 21. Re1 h6 22. Qc4 Bxf3 23. gxf3 Rxe1+ 24. Bxe1 Qe8 25. Bc3 Qe3+ 26. Kb1 Qxf3 27. Qxa6 Qh1+ 28. Ka2 Qxh2 29. a4 Qxc2 30. a5 Qa4+ 31. Kb1 Bc5 32. Qc8+ Kh7 33. Qf5+ Kg8 34. Qc8+ Kh7 35. Qf5+ Kg8 36. Qc8+ 1/2-1/2


[Site "https://www.chess.com"]

[Event "Titled Tuesday Blitz April 05 Late 2022"]
[White "Tregubov, Pavel V."]
[Black "Almagro Mazariegos, Sebastian"]
[WhiteFideId "4115341"]
[BlackFideId "2221640"]
[WhiteElo "2618"]
[BlackElo "2378"]
[Result "1-0"]
[Round "02"]
[TimeControl "180+1"]
[Date "2022.04.06"]
[WhiteClock "0:00:24"]
[BlackClock "0:00:10"]

1. e4 c5 2. Nf3 d6 3. Bb5+ Bd7 4. Bxd7+ Qxd7 5. O-O Nc6 6. c3 Nf6 7. Re1 e6 8. d4 cxd4 9. cxd4 d5 10. e5 Ne4 11. Nbd2 Nxd2 12. Bxd2 Be7 13. h4 h6 14. g3 O-O 15. Be3 Rac8 16. Nh2 Na5 17. Qh5 f5 18. exf6 Bxf6 19. b3 Nc6 20. Rad1 Nb4 21. Re2 Rc2 22. a3 Rxe2 23. Qxe2 Nc6 24. Ng4 Be7 25. Qd3 Qe8 26. b4 Qh5 27. Qe2 Kh8 28. Re1 a5 29. b5 Nd8 30. Ne5 Qxe2 31. Rxe2 Kg8 32. a4 Bd6 33. Bf4 Bxe5 34. Bxe5 Rf3 35. Rc2 Nf7 36. Bf4 Ra3 37. Rc8+ Kh7 38. Rc7 Kg8 39. Rxb7 Rxa4 40. Ra7 Rxd4 41. b6 Rb4 42. b7 1-0


[Site "https://www.chess.com"]

[Event "Titled Tuesday Blitz April 05 Late 2022"]
[White "Van Foreest, Jorden"]
[Black "Domingo Nunez, Alejandro"]
[WhiteFideId "1039784"]
[BlackFideId "22245561"]
[WhiteElo "2609"]
[BlackElo "2215"]
[Result "0-1"]
[Round "02"]
[TimeControl "180+1"]
[Date "2022.04.05"]
[WhiteClock "0:00:28"]
[BlackClock "0:00:15"]

1. e4 c6 2. Nc3 d5 3. d3 g6 4. g3 Bg7 5. Bg2 e6 6. f4 Ne7 7. Nf3 b5 8. a3 Qb6 9. Qe2 O-O 10. Be3 Qd8 11. Bf2 Nd7 12. h4 h5 13. Ng5 a5 14. e5 Nf5 15. g4 hxg4 16. Qxg4 Qe7 17. h5 f6 18. Nf3 fxe5 19. hxg6 Nh6 20. Qh3 Qf6 21. Bh4 Qxg6 22. Bg5 Nf7 23. Nh4 Qh7 24. O-O-O Nxg5 25. fxg5 Nc5 26. Qg3 Ra7 27. Nf3 Qf5 28. Kb1 b4 29. Ne2 bxa3 30. g6 Rf6 31. Nh4 Qf2 32. Qg4 Rb7 33. Rdf1 Rxb2+ 34. Ka1 e4 35. Rxf2 Rxf2 36. d4 Rxe2 37. Qf4 Nb3+ 38. cxb3 Ra2+ 39. Kb1 Reb2+ 40. Kc1 Ra1# 0-1


[Site "https://www.chess.com"]

[Event "Titled Tuesday Blitz April 05 Late 2022"]
[White "Villegas, Pierre"]
[Black "Melikhov, Evgeny V."]
[WhiteFideId "654183"]
[BlackFideId "4122046"]
[WhiteElo "2534"]
[BlackElo "2330"]
[Result "1-0"]
[Round "02"]
[TimeControl "180+1"]
[Date "2022.04.06"]
[WhiteClock "0:01:04"]
[BlackClock "0:00:01"]

1. d4 Nf6 2. c4 e6 3. Nc3 Bb4 4. f3 d5 5. a3 Bxc3+ 6. bxc3 c6 7. e4 dxe4 8. fxe4 Nxe4 9. Qg4 Nf6 10. Qxg7 Rg8 11. Qh6 Rg6 12. Qh4 Qa5 13. Bd2 Nbd7 14. Nf3 Rg4 15. Qh3 e5 16. Be2 Nb6 17. Qh6 Rg6 18. Qe3 Ng4 19. Qd3 exd4 20. Nxd4 Qh5 21. Qe4+ Kf8 22. O-O-O Bd7 23. h3 Nf6 24. Bxh5 Nxe4 25. Bxg6 hxg6 26. Bh6+ Kg8 27. Kc2 Nxc4 28. Rhe1 1-0


[Site "https://www.chess.com"]